 Dungeon Crawl Stone Soup version 0.28-a0-1348-g050f3537b9 (webtiles) character file.

Game seed: 9593905366614177911

1504 Deminshera the Covert (level 8, -4/51 HPs)
             Began as a Vampire Gladiator on Dec 30, 2021.
             Slain by Menkaure (20 damage)
             ... on level 6 of the Dungeon.
             The game lasted 00:07:02 (6643 turns).

Deminshera the Covert (Vampire Gladiator)           Turns: 6643, Time: 00:07:03

Health: -4/51      AC:  6    Str: 15    XL:     8   Next: 52%
Magic:  8/8        EV: 12    Int: 11    God:
Gold:   316        SH:  0    Dex: 15    Spells: 7/7 levels left

rFire   . . .      SeeInvis +   e - +2 dagger (elec)
rCold   + + .      Faith    .   (no shield)
rNeg    + + +      Spirit   .   b - +0 leather armour
rPois   ∞          Reflect  .   c - +0 helmet
rElec   .          Harm     .   i - +0 cloak
rCorr   .          Rampage  .   (no gloves)
Will    .....                   p - +0 pair of boots
Stlth   ++++++....              (no amulet)
HPRegen 0.00/turn               (no ring)
MPRegen 0.11/turn               (no ring)

@: bloodless, inhibited regen
A: bloodless, fangs 3, see invisible, vampiric 2
a: Bat Form, Revivify


You were on level 6 of the Dungeon.
You visited 1 branch of the dungeon, and saw 6 of its levels.
You also visited: Sewer.

You collected 316 gold pieces.

Inventory:

Hand Weapons
 a - a +0 rapier
 e - a +2 dagger of electrocution (weapon)
Missiles
 d - 5 throwing nets (quivered)
Armour
 b - a +0 leather armour (worn)
 c - a +0 helmet (worn)
 i - a +0 cloak (worn)
 p - a +0 pair of boots (worn)
Jewellery
 h - an amulet of faith
 r - a ring of protection from fire
 t - a ring of protection from cold
Scrolls
 f - a scroll of enchant armour {unknown}
 g - 3 scrolls of teleportation {unknown}
 j - 2 scrolls of magic mapping
 k - 7 scrolls of identify {unknown}
 o - a scroll of fog {unknown}
 s - a scroll of amnesia {unknown}
 w - a scroll of holy word {unknown}
 x - a scroll of immolation {unknown}
 y - a scroll of summoning {unknown}
Potions
 l - a potion of brilliance {unknown}
 m - 2 potions of lignification {unknown}
 n - a potion of might {unknown}
 q - 2 potions of heal wounds {unknown}
 u - 2 potions of curing {unknown}
 v - 2 potions of flight {unknown}
 z - a potion of haste {unknown}
 A - a potion of magic {unknown}
 B - a potion of resistance {unknown}


   Skills:
 + Level 5.7 Fighting
 - Level 8.0 Short Blades
 - Level 1.5 Throwing
 - Level 3.2 Dodging
 + Level 9.0 Stealth


You had 7 spell levels left.
You didn't know any spells.
Your spell library contained the following spells:

 Spells                   Type           Power      Damage    Failure   Level
 Sting                    Tmut/Pois      0%         1d3       41%         1
 Passwall                 Tmut/Erth      0%         N/A       54%         2
 Poisonous Vapours        Pois/Air       0%         N/A       54%         2
 Swiftness                Air            0%         N/A       78%         3
 Olgreb's Toxic Radiance  Pois           0%         N/A       99%         4


Dungeon Overview and Level Annotations

Branches:
Dungeon (6/15)             Temple (0/1) D:6           Sewer (visited)

Altars:
Trog

Annotations:
D:6 Menkaure


Innate Abilities, Weirdness & Mutations

You do not regenerate when monsters are visible.
You are frail without blood (-20% HP).
You can heal yourself when you bite living creatures.
You are immune to poison.
You have razor-sharp teeth.
You have supernaturally acute eyesight. (SInv)
You are afflicted with vampirism and can become a bat while bloodless.


Message History

You enter the shallow water.
Moving in this stuff is going to be slow.
Items here: ( )) ††.
You enter the shallow water.
Moving in this stuff is going to be slow.
You enter the shallow water.
Moving in this stuff is going to be slow.
There is a gate leading back out of this place here.
Search for what [Enter for "boot", or ? for help]? .
Welcome back to the Dungeon!
There is a collapsed entrance here.
The yak bellows!
You hit the giant cockroach.
The giant cockroach is severely wounded.
You hit the giant cockroach but do no damage.
Lightning courses through the giant cockroach!
You kill the giant cockroach!
Your Stealth skill increases to level 9!
You enter the shallow water.
Moving in this stuff is going to be slow.
The yak misses you. The yak gores you! The scorpion stings you!
The yak gores you. The scorpion completely misses you.
The yak barely misses you.
You hit the scorpion.
The scorpion is lightly wounded.
The scorpion stings you but does no damage.
Menkaure, Prince of Dust comes into view.
You hit the yak. Lightning courses through the yak!
The yak is heavily wounded.
The yak gores you but does no damage. The scorpion stings you.
Menkaure shouts!
The scorpion closely misses you.
You barely miss Menkaure. The scorpion stings you.
Menkaure casts a spell.
Menkaure seems to speed up.
Menkaure hits you but does no damage.
Found 14 gold pieces.
Menkaure hits you! Menkaure hits you!!
You die...

*,,,,,,,,,,,,,,,,,*
**,,,**,,,.....$.**
**,,,**,,,**.....##
,,,,,**,,,**#.....#
**Y,***,,**##.....#*###
#...###.###,......##..##
#.........#.##.........###******
#.........#.##...........#,,,,,**
#...#...#...##..@s.......#,*,,,,*
....≈≈≈≈≈.?....##M.......#,*,,,,,
..#≈≈≈≈≈≈≈#...###Y#......#,*,,*,*
...≈≈≈≈≈≈≈.....##Y#.....##,*,****
...≈≈≈.≈≈≈.....#........#*,***
..≈≈≈≈≈≈≈≈.....Y........#,,,*
..#≈≈≈≈≈≈≈#.##..........#,,,*
....≈≈≈≈≈...##.........##,,,**
.#..#..≈#..........##..#,,,,,*


You could see 2 yaks, Menkaure (fast) and a scorpion.

Vanquished Creatures
  Pikel (D:5)
  Sigmund (D:3)
  An ice beast (D:4)
  2 kobold brigands (Sewer)
  A bullfrog (D:4)
  A scorpion (D:4)
  A centaur zombie (D:5)
  A hound (D:4)
  2 orc priests (D:5)
  Crazy Yiuf (D:2)
  A gnoll shaman (D:5)
  Natasha (twice) (D:4)
  2 iguanas (D:4)
  6 orc wizards
  3 gnolls (D:5)
  6 adders
  A river rat (Sewer)
  A worm (D:2)
  A dart slug (D:5)
  8 orcs
  6 ball pythons
  3 bats
  9 endoplasms
  3 giant cockroaches
  7 goblins
  5 hobgoblins
  3 quokkas
  4 frilled lizards
  12 kobolds
  4 rats
99 creatures vanquished.

Notes
Turn   | Place    | Note
-------+----------+-------------------------------------------
     0 | D:1      | Deminshera the Vampire Gladiator began the quest for the
                  | Orb.
     0 | D:1      | Reached XP level 1. HP: 16/16 MP: 1/1
   203 | D:1      | Reached skill level 1 in Stealth
   205 | D:1      | Reached XP level 2. HP: 21/22 MP: 2/2
  1081 | D:2      | Reached skill level 2 in Stealth
  1081 | D:2      | Gained mutation: You are afflicted with vampirism and can
                  | become a bat while bloodless. [Vampire growth]
  1081 | D:2      | Reached XP level 3. HP: 21/21 MP: 3/3
  1173 | D:2      | Found a runed translucent door.
  1174 | D:2      | Noticed Crazy Yiuf
  1283 | D:2      | Killed Crazy Yiuf
  1683 | D:3      | Reached XP level 4. HP: 27/27 MP: 4/4
  1968 | D:3      | Reached skill level 3 in Stealth
  2070 | D:3      | Noticed Sigmund
  2086 | D:3      | Killed Sigmund
  2087 | D:3      | Reached skill level 5 in Short Blades
  2087 | D:3      | Reached skill level 4 in Stealth
  2087 | D:3      | Reached XP level 5. HP: 3/32 MP: 5/5
  2532 | D:3      | Found a faded altar of an unknown god.
  2660 | D:3      | Reached XP level 6. HP: 37/37 MP: 6/6
  3202 | D:4      | Noticed Natasha
  3208 | D:4      | Killed Natasha
  3218 | D:4      | Noticed an ice beast
  3225 | D:4      | Killed an ice beast
  3226 | D:4      | Reached skill level 5 in Stealth
  3247 | D:4      | Reached XP level 7. HP: 42/42 MP: 7/7
  3537 | D:4      | Found a bloodstained altar of Trog.
  3652 | D:4      | Noticed Natasha
  3850 | D:4      | Killed Natasha
  3990 | D:5      | Entered Level 5 of the Dungeon
  4362 | D:5      | Reached skill level 6 in Stealth
  5007 | D:5      | Noticed Pikel
  5032 | D:5      | Killed Pikel
  5033 | D:5      | Reached skill level 7 in Stealth
  5033 | D:5      | Reached XP level 8. HP: 8/48 MP: 8/8
  5507 | D:5      | Reached skill level 5 in Fighting
  5867 | D:5      | Reached skill level 8 in Stealth
  6294 | D:6      | Found a glowing drain.
  6305 | Sewer    | Entered a sewer
  6624 | D:6      | Reached skill level 9 in Stealth
  6634 | D:6      | Noticed Menkaure
  6643 | D:6      | Slain by Menkaure

Illustrated notes

Levels and vault maps discovered:
D:1:      scummos_arrival_forest, layout_basic
D:2:      layout_basic, uniq_crazy_yiuf_cottage
D:3:      layout_loops_ring, hellmonk_ecumenical_altar_leap_of_faith,
          minmay_misc_feat_hallway, uniq_sigmund
D:4:      layout_basic, trog_book, hangedman_abyss_or_decor_passed, uniq_natasha
D:5:      layout_basic, minmay_a_box_with_orc_wizards_in_it, uniq_pikel
D:6:      minmay_general_purpose_star, layout_cave_pools,
          minmay_temple_entry_slanted, cheibrodos_sewer_entry_drain,
          kb_lookout_dungeons_type, serial_park_tiny_pond, uniq_menkaure

Skill      XL: |  1  2  3  4  5  6  7  8 |
---------------+-------------------------+-----
Stealth        | 1 2 4 5 7 9 |  9.0
Fighting       | 2 3 4 5 |  5.7
Short Blades   | 4 5 6 8 |  8.0
Throwing       | |  1.5
Dodging        | |  3.2

Action                   |  1- 3 |  4- 6 |  7- 9 || total
-------------------------+-------+-------+-------++-------
Melee: Rapier            |    25 |       |       ||    25
       Bite              |     7 |     5 |    18 ||    30
       Dagger            |    48 |    72 |   204 ||   324
 Abil: Exsanguinate      |     2 |       |       ||     2
       End Transformatio |       |       |     1 ||     1
       Bat Form          |       |       |     1 ||     1
  Use: Scroll            |       |       |     1 ||     1
 Stab: Sleeping          |     7 |     4 |     9 ||    20
Armor: Leather armour    |    13 |    14 |    43 ||    70
Dodge: Dodged            |    27 |    33 |    73 ||   133

Table legend: (Time is in decaauts)
 A = Elapsed time spent in this place.
 B = Non-inter-level travel time spent in this place.
 C = Inter-level travel time spent in this place.
 D = Time resting spent in this place.
 E = Time spent auto-exploring this place.
 F = Levels seen in this place.
 G = Mean time per level.
                   A        B        C        D        E       F      G
               +--------+--------+--------+--------+--------+-----+--------+
         Total |   6573 |   6200 |    373 |   2152 |   3163 |   7 |  939.0 |
       Dungeon |   6231 |   5858 |    373 |   2152 |   2976 |   6 | 1038.5 |
         Sewer |    342 |    342 |      0 |      0 |    187 |   1 |  342.0 |
               +--------+--------+--------+--------+--------+-----+--------+

Top non-repeatable levels by time:
     D:5: 1923 daAuts
     D:3: 1382 daAuts
     D:4: 1310 daAuts
     D:1: 974 daAuts
     D:2: 597 daAuts
   Sewer: 342 daAuts
     D:6: 42 daAuts
